[Event "ICC tourney 2802 (60 5)"]
[Site "Internet Chess Club"]
[Date "2022.01.23"]
[Round "5"]
[White "WANG, ALEXANDER J:ickyquarter"]
[Black "DALONZO, JONATHAN:JDD01"]
[Result "1-0"]
[ICCResult "Black resigns"]
[WhiteElo "1865"]
[BlackElo "1649"]
[Opening "Sicilian: accelerated fianchetto, modern variation with Bc4"]
[ECO "B35"]
[NIC "SI.33"]
[Time "14:00:21"]
[PlyCount "85"]
[TimeControl "3600+5"]

1. e4 c5 2. Nf3 Nc6 3. d4 cxd4 4. Nxd4 g6 5. Nc3 Bg7 6. Be3 Nf6 7. Bc4 O-O
8. Bb3 d6 9. f3 Qb6 10. Nf5 Qa6 11. Nxg7 Kxg7 12. Qd2 Rd8 13. O-O-O Ne5 14.
h4 h5 15. Nd5 Nxd5 16. Bxd5 Bd7 17. Bd4 f6 18. Kb1 Rac8 19. f4 Nc4 20. Qb4
Rc7 21. e5 Rdc8 22. exf6+ exf6 23. Bxf6+ Kxf6 24. Qc3+ Ne5 25. fxe5+ dxe5
26. Qe3 Bf5 27. Rhf1 Kg7 28. Qxe5+ Kh7 29. Rxf5 gxf5 30. Qxf5+ Kg7 31. Be4
Qf6 32. Qxh5 Rh8 33. Qg4+ Kf8 34. h5 Rg8 35. Qe2 Qe7 36. Qf2+ Ke8 37. Bg6+
Rxg6 38. hxg6 Qg7 39. Qe2+ Re7 40. Qb5+ Rd7 41. Qxd7+ Qxd7 42. Rxd7 Kxd7 43.
g7 {Black resigns} 1-0

[Event "ICC tourney 2802 (60 5)"]
[Site "Internet Chess Club"]
[Date "2022.01.23"]
[Round "5"]
[White "YUAN, ETHAN:Knighthhhh"]
[Black "HE, EDEN:edenhe"]
[Result "1/2-1/2"]
[ICCResult "Game drawn by repetition"]
[WhiteElo "1260"]
[BlackElo "1484"]
[Opening "French: Rubinstein variation"]
[ECO "C10"]
[NIC "FR.07"]
[Time "14:00:10"]
[PlyCount "156"]
[TimeControl "3600+5"]

1. e4 e6 2. d4 d5 3. Nc3 dxe4 4. Nxe4 Nd7 5. Nf3 Ngf6 6. Bd3 Be7 7. O-O O-O
8. Bg5 h6 9. Bh4 b6 10. c3 Bb7 11. Re1 Rc8 12. Qc2 c5 13. dxc5 Nxc5 14. Nxc5
Rxc5 15. Rad1 Qa8 16. Bxf6 Bxf6 17. Be2 Rfc8 18. Qb3 Bd5 19. Qc2 a5 20. a3
b5 21. Ra1 Qb7 22. Qd1 b4 23. axb4 axb4 24. Ba6 Qb6 25. Bxc8 Rxc8 26. Ne5
bxc3 27. bxc3 Qb7 28. f3 Rxc3 29. Qd2 Rb3 30. Rad1 Rb2 31. Qd3 Qb6+ 32. Qe3
Qb7 33. Rd2 Bg5 34. f4 Bh4 35. Rxb2 Qxb2 36. Qe2 Qc3 37. Rd1 Qc5+ 38. Kf1 f6
39. Nd3 Qb5 40. Qb2 Qxb2 41. Nxb2 f5 42. Nd3 Kf7 43. Ne5+ Ke8 44. Ra1 Bf6
45. Ra7 Kf8 46. Nd7+ Kf7 47. Nxf6+ Kxf6 48. g3 Kg6 49. Kf2 Kf6 50. Ke3 g5
51. Kd4 gxf4 52. gxf4 Kg6 53. Ke5 Kh5 54. Kf6 Kg4 55. Ke5 h5 56. Rg7+ Kh3
57. Rg5 h4 58. Rh5 Kg4 59. Rh8 Kh3 60. Rh6 Kg4 61. Rh8 Kh3 62. Rh7 Kxh2 63.
Rxh4+ Kg3 64. Rh6 Kg4 65. Rh8 Kf3 66. Rb8 Kg4 67. Rg8+ Kf3 68. Rh8 Kg4 69.
Rh6 Kf3 70. Rh3+ Kg4 71. Rc3 Kh5 72. Rd3 Kg4 73. Re3 Kh5 74. Rd3 Kg4 75. Re3
Kh4 76. Rd3 Kg4 77. Re3 Kh4 78. Rd3 Kg4 {Game drawn by repetition} 1/2-1/2

[Event "ICC tourney 2802 (60 5)"]
[Site "Internet Chess Club"]
[Date "2022.01.23"]
[Round "5"]
[White "Doan Giang, Nguyen Doan:Doctorstrange04"]
[Black "GAUDEAU, ALAIN D H:attalone"]
[Result "1/2-1/2"]
[ICCResult "Game drawn by mutual agreement"]
[WhiteElo "1685"]
[BlackElo "1650"]
[Opening "Nimzovich-Larsen attack"]
[ECO "A01"]
[NIC "VO.08"]
[Time "14:00:20"]
[PlyCount "125"]
[TimeControl "3600+5"]

1. b3 e6 2. Bb2 Nf6 3. Nf3 d5 4. e3 Be7 5. c4 O-O 6. Be2 c5 7. O-O Nc6 8.
cxd5 exd5 9. d4 cxd4 10. Nxd4 Qb6 11. Nd2 Bd7 12. N2f3 Rac8 13. Bd3 Nxd4 14.
Nxd4 Bg4 15. Qb1 g6 16. h3 Be6 17. Rd1 Rfd8 18. a4 a5 19. Nb5 Bd7 20. Ra2
Bxb5 21. Bxb5 Qe6 22. Ba1 Ne4 23. Rc2 Rxc2 24. Qxc2 Rc8 25. Qd3 Bf6 26. f3
Bxa1 27. Rxa1 Nc5 28. Qc3 Na6 29. Qd4 Nb4 30. Rd1 b6 31. e4 Rc5 32. Qf2 dxe4
33. fxe4 Qe7 34. Bc4 Kg7 35. Rf1 f6 36. Rd1 h5 37. Qf4 Re5 38. Rf1 Rxe4 39.
Qb8 Re1 40. Qxb6 Qe5 41. Qf2 Rxf1+ 42. Kxf1 Qa1+ 43. Qe1 Qd4 44. Qe2 Qf4+
45. Kg1 Qd4+ 46. Qf2 Qa1+ 47. Kh2 Qe5+ 48. Qg3 Qxg3+ 49. Kxg3 g5 50. Kf3 f5
51. Ke3 g4 52. hxg4 hxg4 53. Kd4 Kf6 54. g3 Kg5 55. Kc5 f4 56. gxf4+ Kxf4
57. Kb5 g3 58. Bf1 Kf3 59. Kxa5 Nd5 60. b4 Kf2 61. Bd3 g2 62. Be4 g1=Q 63.
Bxd5 {Game drawn by mutual agreement} 1/2-1/2

[Event "ICC tourney 2802 (60 5)"]
[Site "Internet Chess Club"]
[Date "2022.01.23"]
[Round "5"]
[White "ORYE, MATTHEW:GrandWizard"]
[Black "SHANKAR, AASHRITHA VIDHYA:aashushankar"]
[Result "0-1"]
[ICCResult "White checkmated"]
[WhiteElo "1669"]
[BlackElo "1403"]
[Opening "Hammerschlag (Fried fox/Pork chop opening)"]
[ECO "A00"]
[Time "14:10:20"]
[PlyCount "98"]
[TimeControl "3600+5"]

1. f3 e5 2. Kf2 Bc5+ 3. e3 d5 4. Bb5+ Bd7 5. Be2 Nc6 6. g3 Nf6 7. Kg2 h5 8.
h4 Qe7 9. Nh3 e4 10. f4 Ng4 11. b4 Bxb4 12. Bb2 Rg8 13. Nc3 Bxc3 14. Bxc3
O-O-O 15. Nf2 f5 16. Bxg4 fxg4 17. Qe2 Bf5 18. a3 d4 19. Qb5 Qe6 20. Rab1
dxc3 21. Qxb7+ Kd7 22. dxc3 Rb8 23. Rhd1+ Ke8 24. Qxc7 Rxb1 25. Rd6 Qc8 26.
Qxc8+ Bxc8 27. Rxc6 Kd7 28. Rc4 Bb7 29. Rd4+ Kc8 30. Rc4+ Kb8 31. Rc5 g6 32.
Re5 Rb2 33. Kf1 Rxc2 34. Nxe4 Bxe4 35. Rxe4 Rxc3 36. Rb4+ Ka8 37. Kf2 Rxa3
38. e4 Rc8 39. Rb2 Rcc3 40. e5 Rxg3 41. Rb4 Rh3 42. Re4 g3+ 43. Kg1 Ra2 44.
Re3 Rah2 45. e6 g2 46. Re5 Rg3 47. e7 Rh1+ 48. Kf2 g1=Q+ 49. Ke2 Rh2#
{White checkmated}
0-1

[Event "ICC tourney 2802 (60 5)"]
[Site "Internet Chess Club"]
[Date "2022.01.23"]
[Round "5"]
[White "LODH, ANJALI:ChessHawk8"]
[Black "Dixon, Javier:JavierDix"]
[Result "0-1"]
[ICCResult "White resigns"]
[WhiteElo "1537"]
[BlackElo "1304"]
[Opening "Robatsch (modern) defense"]
[ECO "B06"]
[NIC "KF.05"]
[Time "14:00:18"]
[PlyCount "62"]
[TimeControl "3600+5"]

1. e4 g6 2. d4 Bg7 3. Nf3 c5 4. c3 cxd4 5. cxd4 Nc6 6. Nc3 d6 7. Bc4 Nf6 8.
h3 O-O 9. O-O e6 10. Bg5 Qd7 11. Bb5 a6 12. e5 Nd5 13. Nxd5 exd5 14. Ba4 Qe6
15. Re1 b5 16. Bb3 Bb7 17. Bf4 dxe5 18. dxe5 Rad8 19. Rc1 Na5 20. Nd4 Qe7
21. e6 Bxd4 22. exf7+ Qxf7 23. Qxd4 Qxf4 24. Qb6 Nxb3 25. axb3 Rd7 26. Rc2
Rdf7 27. Rce2 d4 28. Qe6 d3 29. Qe3 dxe2 30. Qxf4 Rxf4 31. Rxe2 Bd5
{White resigns}
0-1

[Event "ICC tourney 2802 (60 5)"]
[Site "Internet Chess Club"]
[Date "2022.01.23"]
[Round "5"]
[White "SEBBA, AMITAI:Amitai"]
[Black "Vishwa, Susheel:sushivishwa"]
[Result "1-0"]
[ICCResult "Black forfeits on time"]
[WhiteElo "1637"]
[BlackElo "1796"]
[Opening "Evans gambit: Cordel variation"]
[ECO "C51"]
[NIC "IG.05"]
[Time "14:00:12"]
[PlyCount "81"]
[TimeControl "3600+5"]

1. e4 e5 2. Nf3 Nc6 3. Bc4 Bc5 4. b4 Bxb4 5. c3 Be7 6. d4 Na5 7. Nxe5 Nxc4
8. Nxc4 d5 9. exd5 Qxd5 10. Ne3 Qd8 11. O-O Nf6 12. Ba3 O-O 13. Bxe7 Qxe7
14. Re1 Qd8 15. Nd2 c6 16. h3 Be6 17. Nf3 Qa5 18. Qc2 h6 19. Reb1 Rab8 20.
Rb2 Qh5 21. Qe2 Ne4 22. Qd3 Nd6 23. Qe2 Rfe8 24. Rab1 Ne4 25. Rc2 f5 26. Nd1
Bd5 27. Ne5 Qg5 28. c4 Nc3 29. Qf1 Bxg2 30. Qxg2 Qxg2+ 31. Kxg2 Nxb1 32. Rb2
Na3 33. Ne3 f4 34. Nf5 Kh7 35. Nd6 Red8 36. Ndf7 Rf8 37. Nd6 Rbd8 38. c5 Nb5
39. Nxb5 cxb5 40. Rxb5 Rxd4 41. Rxb7 {Black forfeits on time} 1-0

[Event "ICC tourney 2802 (60 5)"]
[Site "Internet Chess Club"]
[Date "2022.01.23"]
[Round "5"]
[White "JIMENEZ, LUIS A:eltuna"]
[Black "Karthi, Jashith:jazzk"]
[Result "0-1"]
[ICCResult "White resigns"]
[WhiteElo "1519"]
[BlackElo "1392"]
[Opening "King's Indian: Sämisch, 5...O-O"]
[ECO "E81"]
[NIC "KI.48"]
[Time "14:00:42"]
[PlyCount "136"]
[TimeControl "3600+5"]

1. d4 Nf6 2. c4 g6 3. f3 Bg7 4. e4 d6 5. Nc3 O-O 6. Be3 Nbd7 7. Qd2 e5 8. d5
Nc5 9. Bd3 a5 10. Nge2 Nfd7 11. g4 Bf6 12. g5 Nxd3+ 13. Qxd3 Bxg5 14. O-O-O
Nc5 15. Qd2 Bxe3 16. Qxe3 f5 17. h4 fxe4 18. fxe4 Bg4 19. Rdg1 Bh5 20. Ng3
Rf3 21. Qh6 Rxg3 22. Rxg3 Qf8 23. Qxf8+ Rxf8 24. Re1 Rf4 25. Rh3 Bg4 26.
Rhe3 Bd7 27. Rh1 Bg4 28. Kb1 Kg7 29. Ree1 Bf3 30. Rhf1 Nxe4 31. Kc2 Nxc3 32.
Kxc3 e4 33. h5 gxh5 34. Kd4 h4 35. Rg1+ Kf7 36. Ke3 Rf6 37. Rc1 h3 38. Rc2
Bg2 39. Rcxg2 hxg2 40. Rxg2 Rg6 41. Rh2 Kg7 42. Kxe4 Rg4+ 43. Kd3 Kg6 44. b3
h5 45. Ke3 Kg5 46. Kf3 h4 47. Re2 Rf4+ 48. Kg2 Kg4 49. Re7 h3+ 50. Kh2 Rf2+
51. Kh1 Rxa2 52. Rxc7 a4 53. bxa4 Rxa4 54. Rxb7 Rxc4 55. Rg7+ Kf3 56. Kh2
Ke4 57. Kxh3 Kxd5 58. Kg2 Kd4 59. Kf2 d5 60. Ke2 Kc3 61. Rg3+ Kc2 62. Re3
Rc3 63. Re5 d4 64. Ra5 d3+ 65. Kf2 d2 66. Ra2+ Kd3 67. Ra8 d1=Q 68. Rd8+ Kc2
{White resigns}
0-1

[Event "ICC tourney 2802 (60 5)"]
[Site "Internet Chess Club"]
[Date "2022.01.23"]
[Round "5"]
[White "QI, JENNY:eevee11"]
[Black "SLAGLE, JIM:Jim1108"]
[Result "0-1"]
[ICCResult "White resigns"]
[WhiteElo "1386"]
[BlackElo "1664"]
[Opening "French: Tarrasch, closed variation, main line"]
[ECO "C06"]
[NIC "FR.17"]
[Time "14:00:18"]
[PlyCount "100"]
[TimeControl "3600+5"]

1. e4 e6 2. d4 d5 3. Nd2 Nf6 4. e5 Nfd7 5. Bd3 c5 6. c3 Nc6 7. Ne2 cxd4 8.
cxd4 f6 9. Nf4 Nxd4 10. Qh5+ Ke7 11. Ng6+ hxg6 12. Qxh8 Nxe5 13. Bb1 Kf7 14.
O-O Bd7 15. a3 Rc8 16. Ba2 Bb5 17. Nb3 Nxb3 18. Bxb3 Bxf1 19. Kxf1 Qb6 20.
Ba2 Qb5+ 21. Kg1 Rxc1+ 22. Rxc1 Qxb2 23. Rc7+ Be7 24. g3 Qxa2 25. Rc8 Qb1+
26. Kg2 Qe4+ 27. Kh3 Qg4+ 28. Kg2 Qf3+ 29. Kh3 Qh5+ 30. Qxh5 gxh5 31. Rc7 b6
32. Rxa7 Nc4 33. a4 e5 34. Kg2 Ke6 35. Kf1 g5 36. Ke2 e4 37. Ra8 d4 38. Rh8
d3+ 39. Ke1 Nb2 40. Kd2 Bb4+ 41. Ke3 d2 42. Rd8 d1=Q 43. Rxd1 Nxd1+ 44. Kxe4
Nc3+ 45. Kd3 Nxa4 46. Kc4 Bc5 47. Kb3 b5 48. f3 Kd5 49. h3 Kd4 50. g4 h4
{White resigns}
0-1